 Dungeon Crawl Stone Soup version 0.26-a0-660-gc07710193c (webtiles) character file.

Game seed: 15983579071770358669

308 timneilson the Shield-Bearer (level 6, -2/38 HPs)
             Began as a Gargoyle Fighter on Oct 6, 2020.
             Slain by a bullfrog (4 damage)
             ... on level 7 of the Dungeon.
             The game lasted 00:08:39 (4739 turns).

timneilson the Shield-Bearer (Gargoyle Fighter)     Turns: 4739, Time: 00:08:39

Health: -2/38      AC: 12    Str: 21    XL:     6   Next: 40%
Magic:  6/6        EV:  7    Int:  9    God:
Gold:   256        SH:  9    Dex:  9    Spells: 5/5 levels left

rFire    . . .     SeeInvis .   a - +1 long sword
rCold    . . .     Faith    .   c - +0 kite shield
rNeg     + . .     Spirit   .   b - +0 scale mail
rPois    ∞         Reflect  .   (no helmet)
rElec    +         Harm     .   h - +0 cloak
rCorr    .         Rampage  .   (no gloves)
MR       .....                  (no boots)
Stlth    +.........             (no amulet)
HPRegen  0.12/turn              k - -4 ring of slaying (curse)
MPRegen  0.10/turn              i - ring of stealth

@: no status effects
A: negative energy resistance 1, electricity resistance, unbreathing,
petrification resistance, rot immunity, AC +4
a: no special abilities


You were on level 7 of the Dungeon.
You visited 2 branches of the dungeon, and saw 8 of its levels.

You collected 256 gold pieces.

Inventory:

Hand Weapons
 a - a +1 long sword (weapon)
Armour
 b - a +0 scale mail (worn)
 c - a +0 kite shield (worn)
 h - a +0 cloak (worn)
 l - a +0 chain mail
Jewellery
 i - a ring of stealth (right hand)
 k - a cursed -4 ring of slaying (left hand)
Wands
 d - a wand of paralysis (8)
 j - a wand of polymorph (12)
Scrolls
 e - 2 scrolls of identify
 g - a scroll of amnesia
 p - a scroll of immolation {unknown}
 q - a scroll of teleportation
Potions
 f - 3 potions of curing
 m - 2 potions of heal wounds
 n - a potion of ambrosia
 o - a potion of invisibility


   Skills:
 + Level 4.0 Fighting
 * Level 3.4 Long Blades
 * Level 4.8 Armour
 * Level 4.8 Shields
 + Level 1.0 Evocations


You had 5 spell levels left.
You didn't know any spells.
Your spell library contained the following spells:

 Spells                   Type           Power        Failure   Level
 Freeze                   Ice            #...         98%         1
 Frozen Ramparts          Ice            #.....       100%        3
 Ozocubu's Armour         Ice            #.......     100%        3
 Hailstorm                Conj/Ice       #.......     100%        4
 Summon Ice Beast         Ice/Summ       #.......     100%        4


Dungeon Overview and Level Annotations

Branches:
Dungeon (7/15)             Temple (1/1) D:4

Altars:
Ashenzari
Cheibriados
Elyvilon
Fedhas
Kikubaaqudgha
Ru
Sif Muna
Trog
Uskayaw
Vehumet
Wu Jian
Zin
The Shining One

Annotations:
D:7 Prince Ribbit


Innate Abilities, Weirdness & Mutations

You are resistant to torment.
Your stone body is resilient. (AC +4)
You are immune to poison.
You resist negative energy. (rN+)
You are resistant to electric shocks. (rElec)
You can survive without breathing.
You are immune to petrification.
You are immune to rotting.


Message History

The bullfrog is moderately wounded.
You block the bullfrog's attack.
The bullfrog hits you but does no damage.
You closely miss the bullfrog.
The bullfrog is moderately wounded.
The bullfrog hits you but does no damage. x2
You hit the bullfrog.
The bullfrog is heavily wounded.
The bullfrog hits you but does no damage.
The bullfrog hits you.
* * * LOW HITPOINT WARNING * * *
You barely miss the bullfrog.
The bullfrog is heavily wounded.
The bullfrog hits you but does no damage.
The bullfrog hits you.
* * * LOW HITPOINT WARNING * * *
You closely miss the bullfrog.
The bullfrog is heavily wounded.
The bullfrog hits you.
You die...

#.....# #.#####
#.#...# #.#.#.#
#.#.#.# #.#.#.#
#.#.#.#
#.################.
#.#.#.#
...=.......@F.....>
#.#.#<#
#$############.####
#.#.### #.#....
#.##### #......
#######


You could see a bullfrog.

Vanquished Creatures
  A jelly (D:5)
  Ijyb (D:3)
  Terence (D:3)
  A worker ant (D:4)
  9 adders
  A howler monkey skeleton (D:5)
  An ooze (D:5)
  A worm (D:5)
  A dart slug (D:2)
  2 leopard geckos
  12 orcs
  7 bats
  3 bat zombies (D:4)
  5 giant cockroaches
  7 goblins
  8 hobgoblins
  13 jackals
  A quokka (D:2)
  A ball python (D:3)
  5 frilled lizards
  6 kobolds
  A quokka zombie (D:6)
  4 rats
  A rat zombie (D:4)
93 creatures vanquished.

Vanquished Creatures (others)
  A plant (D:1)
1 creature vanquished.

Grand Total: 94 creatures vanquished

Notes
Turn   | Place    | Note
-------+----------+-------------------------------------------
     0 | D:1      | timneilson the Gargoyle Fighter began the quest for the
                  | Orb.
     0 | D:1      | Reached XP level 1. HP: 14/14 MP: 1/1
   190 | D:1      | Reached XP level 2. HP: 17/19 MP: 2/2
   520 | D:1      | Reached XP level 3. HP: 23/23 MP: 3/3
  1460 | D:2      | Reached XP level 4. HP: 20/28 MP: 4/4
  1563 | D:2      | Found a glowing golden altar of the Shining One.
  2425 | D:3      | Noticed Ijyb
  2430 | D:3      | Paralysed by Ijyb for 5 turns
  2440 | D:3      | Paralysed by Ijyb for 6 turns
  2450 | D:3      | Paralysed by Ijyb for 5 turns
  2457 | D:3      | Killed Ijyb
  2457 | D:3      | Reached XP level 5. HP: 20/33 MP: 5/5
  3013 | D:3      | Noticed Terence
  3043 | D:3      | Killed Terence
  3462 | D:4      | Reached XP level 6. HP: 35/38 MP: 6/6
  3572 | D:4      | Found a staircase to the Ecumenical Temple.
  3580 | Temple   | Entered the Ecumenical Temple
  3668 | D:4      | You fall into a shaft and drop 3 floors!
  3668 | D:7      | Noticed Prince Ribbit
  3933 | D:6      | Found a white marble altar of Elyvilon.
  3969 | D:5      | Entered Level 5 of the Dungeon
  4293 | D:4      | Found an ancient bone altar of Kikubaaqudgha.
  4372 | D:5      | Reached skill level 1 in Evocations
  4647 | D:5      | You fall into a shaft and drop 2 floors!
  4739 | D:7      | Slain by a bullfrog

Illustrated notes

Levels and vault maps discovered:
D:1:      denvon_arrival_planthouse, layout_basic
D:2:      layout_loops_ring, tso_altar, minmay_diced_spiral
D:3:      minmay_wonky_spiral, layout_basic, uniq_ijyb, uniq_terence
D:4:      layout_rooms, lemuel_zombie_altar_kikubaaqudgha,
          minmay_temple_entry_gardened_gates
D:5:      layout_rooms, chequers_temple_overflow_minitemple,
          kennysheep_small_square
D:6:      layout_loops_corners, kennysheep_mini, lemuel_round_altar,
          marbit_many_paths, uniq_blork_the_orc
D:7:      minmay_evil_eye, layout_basic, kennysheep_little_box,
          uniq_prince_ribbit1, uniq_harold
Temple:   zaba_magenta_temple

Skill      XL: |  1  2  3  4  5  6 |
---------------+-------------------+-----
Long Blades    | 2 3 |  3.4
Armour         | 4 |  4.8
Shields        | 4 |  4.8
Fighting       | 4 |  4.0
Evocations     | 1 |  1.0

Action                   |  1- 3 |  4- 6 || total
-------------------------+-------+-------++-------
Melee: Long sword        |   141 |   407 ||   548
  Use: Scroll            |     2 |     9 ||    11
       Potion            |       |     2 ||     2
Armor: Scale mail        |   110 |   272 ||   382
Dodge: Dodged            |    65 |   154 ||   219
Block: Kite shield       |   107 |   246 ||   353
       Rpst.: Long sword |    22 |    47 ||    69

Table legend: (Time is in decaauts)
 A = Elapsed time spent in this place.
 B = Non-inter-level travel time spent in this place.
 C = Inter-level travel time spent in this place.
 D = Time resting spent in this place.
 E = Time spent auto-exploring this place.
 F = Levels seen in this place.
 G = Mean time per level.
                   A        B        C        D        E       F      G
               +--------+--------+--------+--------+--------+-----+--------+
         Total |   4924 |   4767 |    157 |    206 |   3121 |   8 |  615.5 |
       Dungeon |   4841 |   4684 |    157 |    206 |   3087 |   7 |  691.6 |
        Temple |     82 |     82 |      0 |      0 |     34 |   1 |   82.0 |
               +--------+--------+--------+--------+--------+-----+--------+

Top non-repeatable levels by time:
     D:3: 1782 daAuts
     D:2: 968 daAuts
     D:1: 851 daAuts
     D:4: 669 daAuts
     D:7: 235 daAuts
     D:5: 172 daAuts
     D:6: 161 daAuts
  Temple: 82 daAuts
